 Dungeon Crawl Stone Soup version 0.25.1-8-g42b30a86e7 (webtiles) character file.

Game seed: 15599840646814328479

28 Clowwww the Skirmisher (level 3, -2/29 HPs)
             Began as a Demonspawn Fighter on Dec 11, 2020.
             Slain by Sigmund
             ... wielding a +0 scythe
              (8 damage)
             ... on level 2 of the Dungeon.
             The game lasted 00:02:29 (615 turns).

Clowwww the Skirmisher (Demonspawn Fighter)          Turns: 615, Time: 00:02:30

Health: -2/29      AC:  6    Str: 17    XL:     3   Next: 0%
Magic:  3/3        EV:  7    Int:  9    God:
Gold:   63         SH:  9    Dex: 12    Spells: 2/2 levels left

rFire    . . .     SeeInvis .   a - +0 war axe
rCold    . . .     Gourm    .   c - +0 kite shield
rNeg     . . .     Faith    .   b - +0 scale mail
rPois    .         Spirit   .   (no helmet)
rElec    .         Reflect  .   (no cloak)
rCorr    .         Harm     .   (no gloves)
MR       .....                  (no boots)
Stlth    ..........             (no amulet)
HPRegen  0.09/turn              (no ring)
MPRegen  0.08/turn              (no ring)

@: mighty
A: powered by death 1
a: no special abilities


You were on level 2 of the Dungeon.
You were not hungry.

You visited 1 branch of the dungeon, and saw 2 of its levels.

You collected 63 gold pieces.

Inventory:

Hand Weapons
 a - a +0 war axe (weapon)
Armour
 b - a +0 scale mail (worn)
 c - a +0 kite shield (worn)
Jewellery
 i - a cursed amulet of inaccuracy {unknown}
Scrolls
 h - a scroll of immolation {unknown}
 j - 3 scrolls of identify {unknown}
 l - a scroll of enchant armour {unknown}
 n - a scroll of enchant weapon {unknown}
 o - a scroll of magic mapping {unknown}
 p - a scroll of teleportation {unknown}
Potions
 d - a potion of might
 e - a potion of invisibility {unknown}
 k - a potion of degeneration {unknown}
 m - a potion of haste
Comestibles
 f - 3 rations
 g - 5 chunks of flesh


   Skills:
 + Level 3.5 Fighting
 + Level 2.0 Axes
 + Level 2.9 Armour
 + Level 3.0 Shields


You had 2 spell levels left.
You didn't know any spells.
Your spell library was empty.

Dungeon Overview and Level Annotations

Branches:
Dungeon (2/15)

Altars:

Annotations:
D:2 Sigmund


Innate Abilities, Weirdness & Mutations

You regenerate a little health from kills.


Message History

Sigmund the Dreaded comes into view.
He is wielding a +0 scythe and carrying a wand of random effects (11).
Sigmund shouts!
Sigmund drinks a potion.
Sigmund seems to speed up.
Found a stone staircase leading down.
Sigmund casts a spell.
Sigmund flickers and vanishes!
Deactivating autopickup; reactivate with Ctrl-A.
A magic dart appears from out of thin air!
The magic dart hits you. Something hits you.
You closely miss something. Something hits you.
You hear some strange, mumbled words.
A puff of flame appears from out of thin air!
The puff of flame hits you.
You feel very mighty all of a sudden. Something hits you but does no damage.
You closely miss something. Something hits you.
* * * LOW HITPOINT WARNING * * *
You slash something! Something hits you!
You die...

)........# .........#
.#..#
......<..##########.#...
#..........##.........#
######.....##.........#
#.....##.........#
#######............#
#..................##
#............@.......
#.............{.....#
#######..#...#....>..
#..#.###......# #..#..
.###### ####.## ## #.#
..


There were no monsters in sight!

Vanquished Creatures
  4 bats (D:1)
  2 giant cockroaches
  4 hobgoblins (D:1)
  3 frilled lizards (D:1)
  7 goblins (D:1)
  A kobold (D:1)
  5 rats (D:1)
26 creatures vanquished.

Notes
Turn   | Place    | Note
-------+----------+-------------------------------------------
     0 | D:1      | Clowwww the Demonspawn Fighter began the quest for the Orb.
     0 | D:1      | Reached XP level 1. HP: 18/18 MP: 1/1
   127 | D:1      | Gained mutation: You regenerate a little health from kills.
                  | [demonic ancestry]
   127 | D:1      | Reached XP level 2. HP: 17/24 MP: 2/2
   579 | D:2      | Reached XP level 3. HP: 27/29 MP: 3/3
   607 | D:2      | Noticed Sigmund
   615 | D:2      | Slain by Sigmund

Illustrated notes

Levels and vault maps discovered:
D:1:      dpeg_arrival_houses_and_road, layout_basic
D:2:      cheibrodos_pilgrimage, layout_basic, uniq_sigmund, uniq_robin

Skill      XL: |  1  2 |
---------------+-------+-----
Shields        | 3 |  3.0
Axes           | 2 |  2.0
Fighting       | |  3.5
Armour         | |  2.9

Action                   || total
-------------------------++-------
Melee: War axe           ||    66
  Use: Potion            ||     1
Armor: Scale mail        ||    26
Dodge: Dodged            ||    23
Block: Kite shield       ||    32
